 Dungeon Crawl Stone Soup version 0.29-a0-819-g94b489e0ae (webtiles) character file.

Game seed: 1550741991741623523

94682 frimble the Demonic Aeon (level 15, -5/82 HPs)
             Began as a Demonspawn Hunter on July 7, 2022.
             Was the Champion of Cheibriados.
             Killed from afar by a hell knight (17 damage)
             ... with a bolt of fire
             ... on level 14 of the Dungeon.
             The game lasted 00:48:06 (19965 turns).

frimble the Demonic Aeon (Demonspawn Hunter)       Turns: 19965, Time: 00:48:07

Health: -5/82      AC: 23    Str: 27 (28) XL:     15   Next: 64%
Magic:  0/26       EV: 20    Int: 32      God:    Cheibriados [******]
Gold:   1295       SH:  9    Dex: 27 (29) Spells: 11/14 levels left

rFire   + . .      SeeInvis +   a - +4 double sword (elec)
rCold   . . .      Faith    .   H - +2 buckler {AC+3}
rNeg    . . .      Spirit   +   x - +4 troll leather armour
rPois   .          Reflect  .   (helmet unavailable)
rElec   .          Harm     .   D - +2 cloak
rCorr   .          Rampage  .   K - +2 pair of gloves {Stlth+}
Will    +....      Rage     3%  P - +2 pair of boots
Stlth   +++++.....              A - amulet of the Komtur {Spirit rF+}
HPRegen 1.03/turn               h - +4 ring of slaying
MPRegen 0.40/turn               R - ring of flight

@: freezing walls, flying, unable to read, unable to drink, very slow
A: antennae 3, thin metallic scales 2, demonic guardian 2, magic shield, magic
regeneration, berserk 1, [clumsy 1], [deterioration 2], [frail 3], [screaming
1], [inability to drink while threatened 1], [inability to read while threatened
1]
a: Renounce Religion, Bend Time, Temporal Distortion, Slouch, Step From Time


You were on level 14 of the Dungeon.
You worshipped Cheibriados.
Cheibriados was exalted by your worship.
You visited 2 branches of the dungeon, and saw 20 of its levels.
You visited the Abyss 1 time.
You also visited: Gauntlet and Ice Cave.

You collected 1537 gold pieces.
You spent 242 gold pieces at shops.

Inventory:

Hand Weapons
 a - a +4 double sword of electrocution (weapon)
 b - a +2 dagger of electrocution
 I - a +0 sling
Missiles
 c - 8 poisoned darts
 e - 11 javelins
 m - 14 boomerangs (quivered)
Armour
 x - a +4 troll leather armour (worn)
 D - a +2 cloak (worn)
 H - a +2 buckler of protection (worn)
 K - a +2 pair of gloves of stealth (worn)
 P - a +2 pair of boots (worn)
Jewellery
 h - a +4 ring of slaying (left hand)
 l - a ring of willpower
 y - the ring "Ameompag" {*Corrode Fly rElec Str+4 SInv}
   (You found it on level 6 of the Dungeon)

   [ring of flight]

   Str:       It affects your strength (+4).
   rElec:     It insulates you from electricity.
   SInv:      It lets you see invisible.
   Fly:       It grants you flight.
   *Corrode:  It may corrode you when you take damage.
 A - the amulet of the Komtur (around neck) {Spirit rF+}
   (You found it on level 6 of the Dungeon)

   [amulet of guardian spirit]

   It causes incoming damage to be divided between your reserves of health and
   magic.
   rF:        It protects you from fire.
 G - a ring of fire
 M - a ring of willpower
 R - a ring of flight (right hand)
Wands
 d - a wand of roots (10)
 s - a wand of flame (45)
 t - a wand of charming (26)
 B - a wand of mindburst (33)
 U - a wand of light (4)
Scrolls
 i - 5 scrolls of vulnerability
 k - 5 scrolls of teleportation
 n - 3 scrolls of immolation
 p - a scroll of brand weapon
 v - a scroll of magic mapping
 C - 4 scrolls of poison
 F - a scroll of silence
 N - 3 scrolls of amnesia
 Q - a scroll of fog
 V - 7 scrolls of identify
Potions
 f - 5 potions of cancellation
 g - 2 potions of resistance
 j - a potion of flight
 o - 3 potions of mutation
 q - a potion of ambrosia
 r - a potion of heal wounds
 u - a potion of magic
 w - 4 potions of might
 z - 3 potions of brilliance
 E - 3 potions of lignification
 J - 3 potions of attraction
 L - 10 potions of curing
Miscellaneous
 O - a condenser vane (inert)


   Skills:
 - Level 11.0 Fighting
 - Level 4.2(8.8) Short Blades
 + Level 11.9(12.2) Long Blades
 - Level 3.6 Ranged Weapons
 - Level 7.0 Throwing
 + Level 9.6 Dodging
 - Level 7.2 Stealth
 - Level 7.0 Shields
 - Level 7.0 Ice Magic
 + Level 15.8 Invocations
 - Level 7.0 Evocations


You had 11 spell levels left.
You knew the following spells:

 Your Spells              Type           Power      Damage    Failure   Level
a - Frozen Ramparts       Ice            88%        1d10      1%          3

Your spell library contained the following spells:

 Spells                   Type           Power      Damage    Failure   Level
 Freeze                   Ice            100%       1d11      1%          1
 Foxfire                  Conj/Fire      0%         2x1d4     12%         1
 Necrotise                Necr           0%         1d4       12%         1
 Shock                    Conj/Air       0%         1d3       12%         1
 Slow                     Hex            0%         N/A       12%         1
 Sting                    Tmut/Pois      0%         1d3       12%         1
 Call Imp                 Summ           0%         N/A       19%         2
 Poisonous Vapours        Pois/Air       0%         N/A       19%         2
 Static Discharge         Conj/Air       0%         3-3/arc   19%         2
 Hailstorm                Conj/Ice       22%        3d7       28%         4
 Summon Ice Beast         Ice/Summ       22%        N/A       28%         4
 Call Canine Familiar     Summ           0%         N/A       36%         3
 Confusing Touch          Hex            0%         N/A       36%         3
 Conjure Flame            Conj/Fire      0%         6-21      36%         3
 Gell's Gravitas          Tloc           0%         N/A       36%         3
 Inner Flame              Hex/Fire       0%         N/A       36%         3
 Mephitic Cloud           Conj/Pois/Air  0%         N/A       36%         3
 Portal Projectile        Hex/Tloc       0%         N/A       36%         3
 Teleport Other           Tloc           0%         N/A       36%         3
 Vampiric Draining        Necr           0%         2d6       36%         3
 Airstrike                Air            0%         0-1+      77%         4
 Animate Armour           Summ/Erth      0%         N/A       77%         4
 Cause Fear               Hex            0%         N/A       77%         4
 Corpse Rot               Necr/Pois/Air  0%         N/A       77%         4
 Flame Wave               Conj/Fire      0%         2d4       77%         4
 Leda's Liquefaction      Hex/Erth       0%         N/A       77%         4
 Olgreb's Toxic Radiance  Pois           0%         N/A       77%         4
 Agony                    Necr           0%         N/A       98%         5
 Blade Hands              Tmut           0%         N/A       98%         5
 Ozocubu's Refrigeration  Ice            22%        4d9       99%         7
 Conjure Ball Lightning   Conj/Air       0%         3x3d6     100%        6
 Dispersal                Tloc           0%         N/A       100%        6
 Iron Shot                Conj/Erth      0%         9d1       100%        6
 Spellforged Servitor     Conj/Summ      0%         N/A       100%        7
 Discord                  Hex            0%         N/A       100%        8
 Disjunction              Tloc           0%         N/A       100%        8
 Lehudib's Crystal Spear  Conj/Erth      0%         10d2      100%        8


Dungeon Overview and Level Annotations

Branches:
Dungeon (14/15)            Temple (0/1) D:7            Lair (6/6) D:8
  Swamp (0/4) Lair:2        Snake (0/4) Lair:3        Slime (0/5) Lair:5
    Orc (0/2) D:11         Vaults (0/5) D:13          IceCv (visited)
Gauntlet (visited)

Altars:
Cheibriados
Dithmenos
Gozag
Hepliaklqana
Makhleb
Nemelex Xobeh
Qazlal
Sif Muna
Trog
Vehumet
Xom
Jiyva

Shops:
D:5 [   D:6 **   D:13 *

Annotations:
D:10 2 transporters, purpskrrrp's ghost, journeyman VSWn


Innate Abilities, Weirdness & Mutations

You have a pair of large antennae on your head. (SInv)
You are mostly covered in thin metallic scales. (AC +3)
A demonic guardian rushes to your aid.
When hurt, damage is shared between your health and your magic reserves.
You regenerate magic rapidly.
You sometimes lose your temper in combat.
[You are clumsy. (Dex -2)]
[Your body often deteriorates upon taking damage.]
[You are extremely frail. (-30% HP)]
[You occasionally shout uncontrollably at your foes.]
[You occasionally lose the ability to drink potions when taking damage.]
[You occasionally lose the ability to read scrolls when taking damage.]


Message History

The walls around you are covered in ice.
A centaur warrior comes into view.
The wall freezes the hell knight.
The hell knight barely misses you.
The wall freezes the wizard.
You miss the wizard.
The wizard is lightly wounded.
You can drink potions again.
The wall freezes the wizard.
The wizard casts a spell.
The wizard blinks!
The wall freezes the hell knight!
You block the hell knight's attack.
You reach down and close the door.
A centaur warrior opens the door.
The wall freezes the centaur warrior.
The centaur warrior wields a +0 longbow.
The centaur warrior shoots an arrow.
You block the arrow.
The wall freezes the hell knight.
The hell knight hits you with a +4 great sword!!
You feel threatened and lose the ability to drink potions!
* * * LOW HITPOINT WARNING * * *
Your body deteriorates!
You feel clumsy.
A demonic guardian appears!
You cannot drink potions in your current state!
Unknown command.
You cannot read scrolls in your current state!
Unknown command.
Unknown command.
You cannot drink potions in your current state!
Unknown command.
Unknown command.
Clouds of freezing vapour condense around you!
The condenser dries out!
You recover from your berserk rage.
The centaur warrior is engulfed in freezing vapours.
The wall freezes the centaur warrior.
The centaur warrior shoots an arrow.
The arrow hits you but does no damage.
The hell knight is engulfed in freezing vapours.
The wall freezes the hell knight.
The hell knight invokes the aid of its god against you.
The bolt of fire hits you!! You resist.
You die...

#......#
....########.
#...#############...
## #...# ... #### {#
#...#{ ... #...# .B.
#...# ##### #...#{
#)§§# #...# #.3p# { {
#...# #$@§# ####
#...# ##§###+##..#
#...#{ #.§c#...##.##
#...# +.§§§.).##..#
#...# #...#§..#...#
#...##########p##...#
#.............§§....#
#####################


You could see a boulder beetle, a hell knight (ally target), a centaur warrior,
a wizard and a friendly sun demon (summoned).

Vanquished Creatures
  A tentacled starspawn (Abyss:4)
  Gastronok (Lair:2)
  2 entropy weavers (Abyss:4)
  A minotaur (Gauntlet)
  A boulder beetle (Lair:5)
  A yaktaur captain (D:13)
  7 hydras
  Erolcha (D:12)
  3 centaur warriors
  A catoblepas (Lair:6)
  4 two-headed ogres
  19 death yaks
  3 tengu warriors
  A wretched star (Abyss:4)
  A sixfirhy (Abyss:4)
  Amaemon (Lair:1)
  2 goliath frogs (Lair:6)
  5 skeletal warriors (D:12)
  A wizard (D:9)
  A bog body (IceCv)
  An iron giant zombie (Abyss:4)
  A necromancer (IceCv)
  An oklob plant (Lair:6)
  2 cyclopes (D:9)
  A worldbinder (Abyss:4)
  17 elephants
  2 ice statues (IceCv)
  A torpor snail (Lair:6)
  7 black mambas
  An eye of devastation (Gauntlet)
  A smoke demon (Abyss:4)
  An orange demon (Lair:1)
  3 large abominations (Abyss:4)
  18 cane toads
  4 rime drakes
  A freezing wraith (IceCv)
  10 komodo dragons
  2 yaktaurs (D:13)
  An anaconda simulacrum (IceCv)
  The ghost of chrisa4242 the Skirmisher, a novice GrHu (D:5)
  A kobold demonologist (D:12)
  3 entropy weaver simulacra (IceCv)
  6 ice devils (IceCv)
  2 ancient zymes (Abyss:4)
  5 trolls
  A polar bear (Lair:3)
  2 tyrant leeches (Lair:6)
  3 hornets (D:9)
  Grinder (D:3)
  12 raiju (Abyss:4)
  19 blink frogs
  2 slime creatures (D:13)
  A flying skull (Gauntlet)
  A centaur simulacrum (D:14)
  36 yaks
  3 wraiths
  4 dire elephant simulacra (IceCv)
  2 vampires
  2 ynoxinuls (Abyss:4)
  6 basilisks
  A fire elemental (Abyss:4)
  A golden eye (Gauntlet)
  Grum (D:11)
  11 wyverns
  15 vampire mosquitoes
  A steam dragon (D:6)
  3 nagas (Lair:3)
  2 harpy simulacra (IceCv)
  18 water moccasins
  An acid dragon (D:11)
  3 black bears
  An ice beast (D:6)
  4 orc warriors
  A sky beast (D:6)
  A swamp drake (Lair:2)
  2 ogres
  30 wolves
  5 centaurs
  A phantom (D:5)
  16 bullfrogs
  A gnoll sergeant (D:5)
  2 necrophages
  3 scorpions
  5 wights
  3 killer bees (D:8)
  2 electric eels (D:7)
  8 howler monkeys
  5 starcursed masses (Abyss:4)
  3 hounds
  A jelly (D:4)
  7 orc priests
  A gnoll bouda (D:7)
  Crazy Yiuf (D:6)
  12 orc wizards
  5 iguanas
  A spriggan simulacrum (IceCv)
  5 hell rats (Lair:6)
  2 troll simulacra (IceCv)
  7 adders
  9 gnolls
  2 white imps
  2 ufetubi (D:6)
  3 dart slugs
  38 orcs
  10 endoplasms
  5 giant cockroaches
  6 goblins
  3 hobgoblins
  6 jackals
  4 quokkas
  5 ball pythons
  3 bats
  2 frilled lizards
  3 kobolds
  3 rats
541 creatures vanquished.

Vanquished Creatures (collateral kills)
  A cacodemon (Abyss:4)
  A great orb of eyes (Abyss:4)
  A hydra (Lair:6)
  A centaur warrior (D:13)
  An elephant (Lair:6)
  A guardian serpent (Abyss:4)
  A cane toad (Lair:6)
  A tyrant leech (Lair:6)
  A raiju (Abyss:4)
  2 slime creatures (D:13)
  A yak (D:9)
  A ynoxinul (Abyss:4)
  An orc warrior (D:12)
  A centaur (D:14)
  A gnoll sergeant (D:6)
  An orc priest (D:8)
  An orc wizard (D:10)
  A worm (D:4)
  6 orcs
25 creatures vanquished.

Vanquished Creatures (others)
  A centaur warrior (D:13)
  A troll (D:9)
  An orc warrior (D:10)
  An orc wizard (D:6)
  A gnoll (D:6)
  A bush (Lair:6)
  38 fungi
  100 plants
  2 starspawn tentacles (Abyss:4)
146 creatures vanquished.

Grand Total: 712 creatures vanquished

Notes
Turn   | Place    | Note
-------+----------+-------------------------------------------
     0 | D:1      | frimble the Demonspawn Hunter began the quest for the Orb.
     0 | D:1      | Reached XP level 1. HP: 16/16 MP: 1/1
   216 | D:1      | Found a faded altar of an unknown god.
   218 | D:1      | Gained mutation: You have a pair of small antennae on your
                  | head. [demonic ancestry]
   218 | D:1      | Reached XP level 2. HP: 23/23 MP: 2/2
   553 | D:1      | HP: 1/23 [jackal (1)]
   870 | D:2      | Gained mutation: You have a pair of antennae on your head.
                  | [demonic ancestry]
   870 | D:2      | Reached XP level 3. HP: 28/28 MP: 3/3
  1995 | D:3      | Found a hazy altar of Hepliaklqana.
  2093 | D:3      | Found a burning altar of Makhleb.
  2184 | D:3      | Noticed Grinder
  2277 | D:4      | Gained mutation: A weak demonic guardian rushes to your
                  | aid. [demonic ancestry]
  2277 | D:4      | Reached XP level 4. HP: 35/35 MP: 4/4
  2480 | D:4      | Reached skill level 1 in Short Blades
  2498 | D:4      | Reached skill level 1 in Throwing
  2718 | D:4      | Reached skill level 1 in Evocations
  2859 | D:4      | Gained mutation: You are partially covered in thin metallic
                  | scales. (AC +2) [demonic ancestry]
  2859 | D:4      | Reached XP level 5. HP: 41/41 MP: 5/5
  3041 | D:4      | Found a snail-covered altar of Cheibriados.
  3176 | D:4      | Became a worshipper of Cheibriados the Contemplative
  3365 | D:5      | Entered Level 5 of the Dungeon
  3615 | D:5      | Noticed an ogre
  3726 | D:3      | Killed Grinder
  3727 | D:3      | Gained mutation: You regenerate magic rapidly. [demonic
                  | ancestry]
  3727 | D:3      | Reached XP level 6. HP: 48/48 MP: 6/6
  4339 | D:5      | Gained mutation: When hurt, damage is shared between your
                  | health and your magic reserves. [demonic ancestry]
  4339 | D:5      | Reached XP level 7. HP: 55/55 MP: 7/7
  4364 | D:5      | Found a runed translucent door.
  4375 | D:5      | Reached * piety under Cheibriados
  4378 | D:5      | Noticed chrisa4242's ghost (novice GrHu)
  4763 | D:5      | Found a shimmering blue altar of Sif Muna.
  4810 | D:5      | Found Kotats's Armour Boutique.
  4816 | D:5      | Bought a +1 troll leather armour for 242 gold pieces
  4839 | D:5      | Found an opulent altar of Gozag.
  4957 | D:5      | Reached skill level 5 in Fighting
  5044 | D:6      | Gained mutation: You are mostly covered in thin metallic
                  | scales. (AC +3) [demonic ancestry]
  5044 | D:6      | Reached XP level 8. HP: 58/62 MP: 8/8
  5150 | D:6      | Identified the amulet of the Komtur {Spirit rF+}
  5178 | D:6      | Reached ** piety under Cheibriados
  5236 | D:6      | Found Wirphox's General Store.
  5240 | D:6      | Found Mesopil's Specific Store.
  5292 | D:6      | Identified the ring "Ameompag" {*Corrode Fly rElec Str+4
                  | SInv}
  5328 | D:6      | Reached skill level 1 in Long Blades
  5449 | D:6      | Got the Octavo of Air and Spelunking
  5521 | D:6      | Found a runed translucent door.
  5522 | D:6      | Noticed Crazy Yiuf
  5747 | D:7      | Found a radiant altar of Vehumet.
  5749 | D:7      | Found a sparkling altar of Nemelex Xobeh.
  5885 | D:7      | Reached skill level 5 in Evocations
  5958 | D:7      | Reached XP level 9. HP: 69/69 MP: 9/9
  5973 | D:7      | Noticed an angel
  5977 | D:7      | Found a shimmering altar of Xom.
  6005 | D:7      | Reached skill level 5 in Throwing
  6061 | D:7      | Found a staircase to the Ecumenical Temple.
  6743 | D:8      | Reached *** piety under Cheibriados
  6744 | D:8      | Reached skill level 1 in Invocations
  6822 | D:8      | Reached skill level 1 in Shields
  6913 | D:8      | Reached skill level 2 in Invocations
  7096 | D:8      | Reached skill level 3 in Invocations
  7098 | D:8      | Reached **** piety under Cheibriados
  7118 | D:8      | Identified the +7 scimitar of Boho {holy, Fragile rC+ rN+
                  | Stlth+}
  7426 | D:8      | Found a stormy altar of Qazlal.
  7437 | D:8      | Found a staircase to the Lair.
  7495 | D:9      | Gained mutation: You have a pair of large antennae on your
                  | head. (SInv) [demonic ancestry]
  7495 | D:9      | Reached XP level 10. HP: 79/79 MP: 12/12
  7522 | D:9      | Paralysed by a hornet for 1 turns
  7534 | D:9      | Identified a scroll of acquirement
  7534 | D:9      | Acquired a +2 double sword of electrocution
  7572 | D:9      | Reached skill level 4 in Invocations
  7618 | D:9      | Found a shadowy altar of Dithmenos.
  7619 | D:9      | Found a bloodstained altar of Trog.
  7712 | D:9      | Reached skill level 5 in Long Blades
  7712 | D:9      | Reached skill level 5 in Invocations
  8124 | D:10     | Entered Level 10 of the Dungeon
  8299 | D:10     | Noticed a two-headed ogre
  8348 | D:10     | Found a bloodstained altar of Trog.
  8348 | D:10     | Noticed purpskrrrp's ghost (journeyman VSWn)
  8348 | D:10     | Noticed a tengu warrior
  8354 | D:10     | Found a transporter.
  8355 | D:10     | Noticed a moth of wrath
  8363 | D:10     | Found a transporter.
  8514 | D:10     | Noticed a centaur warrior
  8526 | D:10     | Killed a centaur warrior
  8527 | D:10     | Reached skill level 6 in Invocations
  8934 | D:10     | Noticed a two-headed ogre
  8941 | D:10     | Killed a two-headed ogre
  8942 | D:10     | Reached ***** piety under Cheibriados
  9085 | D:11     | Noticed Grum
  9098 | D:11     | Killed Grum
  9099 | D:11     | Reached XP level 11. HP: 73/87 MP: 11/16
  9177 | D:11     | Found a staircase to the Orcish Mines.
  9207 | D:11     | Reached skill level 7 in Invocations
  9246 | D:11     | Noticed a two-headed ogre
  9254 | D:11     | Killed a two-headed ogre
  9255 | D:11     | Reached skill level 5 in Shields
  9752 | D:11     | Noticed a six-headed hydra
  9758 | D:11     | Killed a six-headed hydra
  9759 | D:11     | Reached skill level 8 in Invocations
 10113 | D:5      | Killed chrisa4242's ghost
 10119 | D:5      | Got the Incunable of Congregated Glaciation
 10127 | D:5      | Learned a level 3 spell: Frozen Ramparts
 10186 | D:6      | Killed Crazy Yiuf
 10270 | Lair:1   | Entered Level 1 of the Lair of Beasts
 10363 | Lair:1   | Reached skill level 1 in Ice Magic
 10471 | Lair:1   | Noticed Amaemon
 10476 | Lair:1   | Killed Amaemon
 10477 | Lair:1   | Reached skill level 9 in Invocations
 11074 | Lair:2   | Found a staircase to the Swamp.
 11083 | Lair:2   | Reached skill level 10 in Fighting
 11083 | Lair:2   | Reached XP level 12. HP: 97/97 MP: 5/18
 11140 | Lair:2   | Found a gate leading to a gauntlet.
 11149 | Gauntlet | Entered a Gauntlet
 11149 | Gauntlet | Found a transporter.
 11149 | Gauntlet | Found a transporter.
 11153 | Gauntlet | Found a transporter.
 11154 | Gauntlet | Found a transporter.
 11163 | Gauntlet | Found a transporter.
 11165 | Gauntlet | Found a transporter.
 11167 | Gauntlet | Found a transporter.
 11169 | Gauntlet | Noticed a ghost crab
 11179 | Gauntlet | Found a transporter.
 11264 | Gauntlet | Found a transporter.
 11268 | Gauntlet | Found a transporter.
 11282 | Gauntlet | Found a transporter.
 11292 | Gauntlet | Found a transporter.
 11437 | Gauntlet | Noticed a minotaur
 11455 | Gauntlet | Killed a minotaur
 11464 | Gauntlet | Got Ajekou Nilu's Guide on Blight and the Tesseract
 11464 | Gauntlet | Got the Verses on Destructive Curses
 11464 | Gauntlet | Got the Encyclopedia of the Deathly Comitatus
 11748 | Lair:2   | Noticed Gastronok
 11763 | Lair:2   | Killed Gastronok
 11764 | Lair:2   | Reached skill level 10 in Invocations
 12452 | Lair:3   | Found a staircase to the Snake Pit.
 12592 | Lair:3   | Reached skill level 1 in Stealth
 12621 | Lair:3   | Noticed a seven-headed hydra
 12631 | Lair:3   | Reached ****** piety under Cheibriados
 13326 | Lair:4   | Reached XP level 13. HP: 104/105 MP: 18/21
 13738 | Lair:4   | Reached skill level 11 in Invocations
 13739 | Lair:4   | Reached skill level 5 in Ice Magic
 14257 | Lair:5   | Reached skill level 5 in Dodging
 14477 | Lair:5   | Found a viscous altar of Jiyva.
 14477 | Lair:5   | Found a staircase to the Slime Pits.
 14755 | Lair:6   | Entered Level 6 of the Lair of Beasts
 14761 | Lair:6   | Reached skill level 12 in Invocations
 14868 | Lair:6   | Reached skill level 5 in Stealth
 14983 | Lair:6   | Reached XP level 14. HP: 72/113 MP: 18/23
 15291 | Lair:6   | Reached skill level 13 in Invocations
 15301 | Lair:6   | Reached skill level 10 in Long Blades
 16687 | D:12     | Found a frozen archway.
 16710 | IceCv    | Entered an ice cave
 17312 | IceCv    | Reached skill level 14 in Invocations
 17585 | D:12     | Noticed Erolcha
 17589 | D:12     | Killed Erolcha
 17652 | D:12     | Gained mutation: A demonic guardian rushes to your aid.
                  | [demonic ancestry]
 17652 | D:12     | Reached XP level 15. HP: 101/118 MP: 22/25
 18654 | D:13     | Found Byvvunwa's Blood Bar.
 18755 | D:13     | Found a gate to the Vaults.
 19212 | D:14     | Reached skill level 15 in Invocations
 19374 | Abyss:3  | Cast into level 3 of the Abyss (a wizard)
 19420 | Abyss:3  | Noticed an Executioner
 19642 | Abyss:4  | Noticed a tentacled starspawn
 19662 | Abyss:4  | Killed a tentacled starspawn
 19769 | Abyss:4  | Noticed a dread lich
 19900 | Abyss:4  | Gained mutation: You sometimes lose your temper in combat.
                  | [a cacodemon]
 19961 | D:14     | Escaped the Abyss
 19965 | D:14     | Killed from afar by a hell knight

Illustrated notes

Levels and vault maps discovered:
D:1:      reono_arrival_mine, layout_rooms,
          shapermc_ecumenical_altar_mp_ritualfount
D:2:      layout_basic
D:3:      layout_basic, tso_altar, lemuel_doored_altar,
          mainiacjoe_overflow_24_doors, uniq_grinder
D:4:      layout_loops_cross, kennysheep_mini, serial_rivers,
          chequers_serial_rivers_small_b, chequers_serial_rivers_marsh,
          chequers_serial_rivers_large_b, chequers_serial_rivers_micro_c,
          chequers_serial_rivers_marsh, kennysheep_cluttered_room
D:5:      layout_rooms, mainiacjoe_overflow_cross_hatched, lemuel_round_altar,
          mainiacjoe_overflow_catwalk, ebering_ghost_inner_flame, serial_shops,
          shop, minivault_19, chequers_avenue
D:6:      layout_loops_ring, nicolae_specific_store,
          hangedman_abyss_or_decor_stagger, uniq_crazy_yiuf_cottage
D:7:      layout_basic, grunt_temple_overflow_order_and_chaos_1,
          mainiacjoe_overflow_catwalk_spiral, minmay_temple_entry_stoned_glass,
          lightli_minifort
D:8:      layout_basic, kennysheep_mini_moat, lair_entry_dummy
D:9:      layout_small_grid, chequers_temple_overflow_statue_of_worship,
          minmay_shattered_shrine
D:10:     layout_loops_corners, gammafunk_ghost_wrathful_warriors
D:11:     layout_basic, orc_0_dummy, uniq_grum
D:12:     layout_cave_pods, portal_ice_cave_entry_pillars_1, uniq_erolcha
D:13:     layout_rooms, david_vaults_2, guppyfry_shop_blood
D:14:     cheibrodos_body_horror, layout_stronghold, minmay_misc_feat_tiny,
          minmay_evil_grid
Lair:1:   layout_small_grid, uniq_amaemon
Lair:2:   layout_cave_pods, minmay_swamp_entry_reptiles, gauntlet_entry_generic,
          uniq_gastronok
Lair:3:   layout_small_grid, minmay_snake_entry_guardpost_small,
          nzn_random_ring, grunt_megastairs_1, infiniplex_staircase_pool
Lair:4:   layout_long_grid, nicolae_lair_lil_pond
Lair:5:   layout_layer_cave, dpeg_slime_entry_enclosed, lemuel_fruit_tree,
          grunt_megastairs_3
Lair:6:   minmay_lair_end_frog_pond, layout_regular_city,
          grunt_forest_stairs_basic, serial_bayou_pond_b,
          kennysheep_basilisk_garden

Skill      XL: |  1  2  3  4  5  6  7  8  9 10 11 12 13 14 15 |
---------------+----------------------------------------------+-----
Dodging        | 2 3 4 6 8 9 |  9.6
Fighting       | 3 4 5 6 7 8 10 11 | 11.0
Short Blades   | 1 2 3 4 |  4.2
Throwing       | 1 2 3 4 5 6 7 |  7.0
Evocations     | 1 2 3 5 6 7 |  7.0
Long Blades    | 2 4 6 7 8 9 10 11 | 11.9
Invocations    | 3 6 9 10 12 14 15 | 15.8
Shields        | 2 4 6 7 |  7.0
Ice Magic      | 2 4 6 7 |  7.0
Stealth        | 2 5 7 |  7.2
Ranged Weapons | |  3.6

Action                   |  1- 3 |  4- 6 |  7- 9 | 10-12 | 13-15 || total
-------------------------+-------+-------+-------+-------+-------++-------
Melee: Dagger            |    16 |    12 |    18 |     8 |    52 ||   106
       Punch             |     1 |       |     2 |       |       ||     3
       Short sword       |       |     8 |    34 |       |       ||    42
       Falchion          |       |       |    33 |       |       ||    33
       Long sword        |       |       |    54 |       |       ||    54
       Double sword      |       |       |       |   303 |   651 ||   954
 Fire: Shortbow          |    92 |    95 |   222 |     9 |       ||   418
Throw: Dart              |       |     4 |     9 |    28 |    12 ||    53
       Boomerang         |       |       |     7 |    42 |   110 ||   159
       Javelin           |       |       |       |     2 |       ||     2
 Cast: Frozen Ramparts   |       |       |       |     4 |     6 ||    10
Invok: Slouch            |       |       |       |     3 |    10 ||    13
       Step From Time    |       |       |       |       |     1 ||     1
Evoke: Wand              |       |       |    12 |    14 |    10 ||    36
       Condenser vane    |       |       |       |     1 |     2 ||     3
  Use: Scroll            |     2 |     9 |     4 |    15 |    18 ||    48
       Potion            |     1 |     1 |       |     5 |     6 ||    13
 Stab: Distracted        |       |       |     1 |       |    10 ||    11
       Sleeping          |       |       |       |     6 |    24 ||    30
       Invisible         |       |       |       |       |     1 ||     1
Armor: Leather armour    |    16 |     5 |       |       |       ||    21
       Skin              |       |     5 |       |       |       ||     5
       Ring mail         |       |     5 |    11 |       |    28 ||    44
       Troll leather arm |       |       |    78 |   113 |   284 ||   475
Dodge: Dodged            |    52 |    24 |   187 |   214 |   568 ||  1045
Block: Buckler           |       |       |       |    97 |   360 ||   457

Table legend: (Time is in decaauts)
 A = Elapsed time spent in this place.
 B = Non-inter-level travel time spent in this place.
 C = Inter-level travel time spent in this place.
 D = Time resting spent in this place.
 E = Time spent auto-exploring this place.
 F = Levels seen in this place.
 G = Mean time per level.
                   A        B        C        D        E       F      G
               +--------+--------+--------+--------+--------+-----+--------+
         Total |  29862 |  27891 |   1971 |    453 |  22108 |  24 | 1244.2 |
       Dungeon |  17888 |  16406 |   1482 |    118 |  13575 |  14 | 1277.7 |
          Lair |   9546 |   9057 |    489 |     70 |   7463 |   6 | 1591.0 |
         Abyss |    773 |    773 |      0 |    131 |    154 |   2 |  386.5 |
      Ice Cave |   1051 |   1051 |      0 |     80 |    642 |   1 | 1051.0 |
      Gauntlet |    601 |    601 |      0 |     54 |    273 |   1 |  601.0 |
               +--------+--------+--------+--------+--------+-----+--------+

Top non-repeatable levels by time:
  Lair:6: 2161 daAuts
  Lair:3: 1800 daAuts
    D:10: 1717 daAuts
     D:9: 1688 daAuts
    D:11: 1644 daAuts
  Lair:2: 1628 daAuts
     D:7: 1589 daAuts
  Lair:5: 1537 daAuts
    D:12: 1471 daAuts
  Lair:1: 1406 daAuts
     D:4: 1315 daAuts
     D:5: 1257 daAuts
     D:6: 1201 daAuts
     D:3: 1197 daAuts
    D:13: 1173 daAuts
